 Dungeon Crawl Stone Soup version 0.28.0-45-g0d030f2227 (webtiles) character file.

Game seed: 4668579075246419308

2495 pkoi the Destroyer (level 9, -6/64 HPs)
             Began as a Demigod Conjurer on Apr 7, 2022.
             Mangled by an unseen horror (12 damage)
             ... on level 7 of the Dungeon.
             The game lasted 00:15:13 (12430 turns).

pkoi the Destroyer (Demigod Conjurer)              Turns: 12430, Time: 00:15:13

Health: -6/64      AC: -7    Str:  8    XL:     9   Next: 7%
Magic:  3/17       EV: 12    Int: 34    God:
Gold:   417        SH:  0    Dex: 10    Spells: 3/14 levels left

rFire   + . .      SeeInvis .   j - +2 dagger (protect)
rCold   . . .      Faith    .   (no shield)
rNeg    . . .      Spirit   .   a - +0 robe
rPois   .          Reflect  .   (helmet restricted)
rElec   .          Harm     .   b - +0 cloak
rCorr   .          Rampage  .   (no gloves)
Will    .....                   q - +2 pair of boots
Stlth   ++........              v - amulet of the acrobat
HPRegen 0.20/turn               m - ring of protection from fire
MPRegen 0.15/turn               (no ring)

@: corroded
A: high MP 1, forlorn, divine attributes, horns 1, clever 1, clumsy 1, deformed
body, subdued magic 1
a: no special abilities


You were on level 7 of the Dungeon.
You visited 1 branch of the dungeon, and saw 7 of its levels.

You collected 417 gold pieces.

Inventory:

Hand Weapons
 f - a +1 dagger of electrocution
 g - a +0 dagger
 h - a +3 dagger of flaming
 j - a +2 dagger of protection (weapon)
 x - a +0 dagger of protection
Missiles
 o - 2 atropa-tipped darts
Armour
 a - a +0 robe (worn)
 b - a +0 cloak (worn)
 q - a +2 pair of boots (worn)
Jewellery
 m - a ring of protection from fire (left hand)
 v - an amulet of the acrobat (around neck)
Scrolls
 c - 6 scrolls of identify
 i - a scroll of blinking
 k - a scroll of amnesia
 n - a scroll of magic mapping
 s - 2 scrolls of teleportation
Potions
 d - a potion of lignification
 e - a potion of flight
 p - a potion of curing
 u - a potion of brilliance
 w - a potion of heal wounds


   Skills:
 + Level 1.5 Fighting
 + Level 2.5 Dodging
 + Level 2.7 Stealth
 + Level 3.4 Spellcasting
 + Level 8.8 Conjurations
 + Level 5.1 Hexes
 - Level 4.0 Translocations


You had 3 spell levels left.
You knew the following spells:

 Your Spells              Type           Power      Damage    Failure   Level
a - Magic Dart            Conj           100%       1d8       1%          1
b - Searing Ray           Conj           100%       2d8       1%          2
c - Iskenderun's Mystic   Conj/Tloc      38%        2d9       2%          4
d - Fulminant Prism       Conj/Hex       20%        3d13      2%          4

Your spell library contained the following spells:

 Spells                   Type           Power      Damage    Failure   Level
 Dazzling Flash           Conj/Hex       82%        N/A       1%          3
 Animate Skeleton         Necr           8%         N/A       4%          1
 Pain                     Necr           16%        1d4       4%          1
 Vampiric Draining        Necr           4%         2d6       13%         3


Dungeon Overview and Level Annotations

Branches:
Dungeon (7/15)             Temple (0/1) D:6

Annotations:
D:2 Terence
D:3 2 runed translucent doors
D:4 Pikel


Innate Abilities, Weirdness & Mutations

You have an increased reservoir of magic. (+10% MP)
You shall have no god before yourself.
Your divine heritage dramatically boosts your attributes as you level up.
You have a pair of small horns on your head.
Your mind is acute. (Int +2)
You are clumsy. (Dex -2)
Armour fits poorly on your strangely shaped body.
Your spells are a little easier to cast, but a little less powerful.


Message History

The acid corrodes you!
Your hands burn!
* * * LOW HITPOINT WARNING * * *
The jelly is almost dead.
The jelly closely misses you.
You hit the jelly but do no damage.
Your hands burn!
* * * LOW HITPOINT WARNING * * *
The jelly is almost dead.
Something hits you.
* * * LOW HITPOINT WARNING * * *
Deactivating autopickup; reactivate with Ctrl-A.
The jelly hits you.
* * * LOW HITPOINT WARNING * * *
You are splashed with acid!
* * * LOW HITPOINT WARNING * * *
Casting: Magic Dart (safe; 1% risk of failure)
Confirm with . or Enter, or press ? or * to list all spells.
You erupt in a blast of force!
The mystic blast hits the jelly!
You kill the jelly!
You hear a shout!
Something hits you!
* * * LOW HITPOINT WARNING * * *
A centaur zombie comes into view.
A gnoll shaman comes into view. It is wielding a +0 whip.
Something barely misses you.
Casting: Iskenderun's Mystic Blast (dangerous; 2% risk of failure)
Confirm with . or Enter, or press ? or * to list all spells.
You erupt in a blast of force!
The mystic blast hits something!
You hear a shout!
Something hits you!
* * * LOW HITPOINT WARNING * * *
Unknown command.
Something misses you. Something misses you.
Casting: Iskenderun's Mystic Blast (dangerous; 2% risk of failure)
Confirm with . or Enter, or press ? or * to list all spells.
You erupt in a blast of force!
The mystic blast hits something.
Something collides with the centaur zombie!
The centaur zombie is lightly damaged.
Something hits you!
You die...

#. #.......####.....#
.....#...##.......########.#
.......#...##.......#........#
...............###.##.#####..#
.............................#
...............##..##...###..#
..........#.######.##........#
...!......#.######.##....#..<##
............Z.@..............>#
.........##.#........#.#.....##
.....................'.......#
......#.g.#####......##..#.####
......#..............##?.......
...#.#.#.#...........##....#.##
.. .##.##.........##.#####.#.#
. ## .: ###......###.## #.#.##
##g .............# #.#.#.


You could see a centaur zombie.

Vanquished Creatures
  A troll (D:5)
  Sigmund (D:3)
  A steam dragon (D:4)
  Edmund (D:5)
  A water moccasin (D:6)
  An orc warrior (D:5)
  2 ogres
  A black bear (D:6)
  A necrophage (D:6)
  A centaur (D:6)
  4 lemures
  2 phantoms
  3 bullfrogs
  A gnoll sergeant (D:6)
  A wyvern skeleton (D:3)
  A water moccasin skeleton (D:5)
  A bullfrog zombie (D:5)
  A jelly (D:7)
  6 orc priests
  A bullfrog skeleton (D:4)
  2 iguanas
  6 orc wizards
  A killer bee zombie (D:4)
  Robin (D:2)
  A howler monkey skeleton (D:7)
  4 gnolls (D:6)
  8 adders
  An ufetubus (D:4)
  A dart slug (D:3)
  22 orcs
  4 bats
  2 endoplasms
  6 giant cockroaches
  13 goblins
  6 hobgoblins
  6 jackals
  3 quokkas
  6 ball pythons
  3 frilled lizards
  7 kobolds
  6 rats
141 creatures vanquished.

Vanquished Creatures (others)
  17 fulminant prisms
17 creatures vanquished.

Grand Total: 158 creatures vanquished

Notes
Turn   | Place    | Note
-------+----------+-------------------------------------------
     0 | D:1      | pkoi the Demigod Conjurer began the quest for the Orb.
     0 | D:1      | Reached XP level 1. HP: 14/14 MP: 5/5
   282 | D:1      | Reached skill level 4 in Conjurations
   479 | D:1      | Reached XP level 2. HP: 18/20 MP: 4/7
  1653 | D:2      | Learned a level 2 spell: Searing Ray
  1673 | D:2      | Reached XP level 3. HP: 26/26 MP: 5/8
  2102 | D:2      | Noticed Robin
  2112 | D:2      | Killed Robin
  2153 | D:2      | Reached skill level 5 in Conjurations
  2363 | D:3      | Noticed Terence
  2810 | D:3      | Noticed Sigmund
  3161 | D:3      | Reached XP level 4. HP: 33/33 MP: 7/9
  3401 | D:3      | Reached skill level 6 in Conjurations
  3401 | D:3      | Reached XP level 5. HP: 23/38 MP: 2/10
  3527 | D:3      | Learned a level 4 spell: Iskenderun's Mystic Blast
  4061 | D:3      | Killed Sigmund
  4062 | D:3      | Reached XP level 6. HP: 40/45 MP: 1/12
  4459 | D:3      | Found a large runed translucent door.
  4459 | D:3      | Found a large runed translucent door.
  5419 | D:4      | Reached XP level 7. HP: 50/50 MP: 4/14
  5595 | D:4      | Learned a level 4 spell: Fulminant Prism
  5756 | D:5      | Entered Level 5 of the Dungeon
  5782 | D:5      | Noticed a steam dragon
  5869 | D:5      | Noticed Pikel
  5878 | D:4      | Reached skill level 7 in Conjurations
  6394 | D:5      | Gained mutation: Your mind is acute. (Int +2) [potion of
                  | mutation]
  6394 | D:5      | Gained mutation: Armour fits poorly on your strangely
                  | shaped body. [potion of mutation]
  6394 | D:5      | Gained mutation: You have hidden genetic defects. [potion
                  | of mutation]
  6394 | D:5      | Gained mutation: You have a pair of small horns on your
                  | head. [potion of mutation]
  6419 | D:4      | Killed a steam dragon
  6420 | D:4      | Reached skill level 1 in Hexes
  6858 | D:5      | Noticed Edmund
  6904 | D:5      | Killed Edmund
  6913 | D:5      | Gained mutation: Your spells are a little easier to cast,
                  | but a little less powerful. [hidden defects]
  7558 | D:5      | Gained mutation: You are clumsy. (Dex -2) [hidden defects]
  7558 | D:5      | Lost mutation: You have hidden genetic defects. [hidden
                  | defects expressed]
  8701 | D:5      | Reached XP level 8. HP: 26/57 MP: 1/15
  8952 | D:5      | Noticed a troll
  8994 | D:5      | Killed a troll
  8995 | D:5      | Reached skill level 8 in Conjurations
 10043 | D:6      | Reached skill level 5 in Hexes
 10212 | D:6      | Found a staircase to the Ecumenical Temple.
 10230 | D:6      | Noticed a two-headed ogre
 10952 | D:6      | Reached skill level 1 in Fighting
 11920 | D:7      | Reached XP level 9. HP: 64/64 MP: 6/17
 12430 | D:7      | Mangled by an unseen horror

Illustrated notes

Levels and vault maps discovered:
D:1:      matt_arrival_spirals, layout_basic, chequers_ecumenical_altar_island,
          minmay_shallow_snake_nest
D:2:      layout_basic, hangedman_decor_riveting, uniq_robin
D:3:      due_chaos_kobolds, layout_basic, kennysheep_slug_shrine,
          grunt_ministairs_3, kennysheep_orc_chapel, uniq_terence, uniq_sigmund
D:4:      layout_basic, marbit_many_paths
D:5:      layout_rooms, mainiacjoe_overflow_small_starburst,
          mainiacjoe_overflow_alcove_2, minmay_small_thing, uniq_pikel,
          uniq_edmund
D:6:      layout_loops_ring, minmay_temple_entry_grid, lightli_orcish_oven
D:7:      layout_basic, mainiacjoe_overflow_24_doors, grunt_decor_fettered,
          minmay_manual_monstrance

Skill      XL: |  1  2  3  4  5  6  7  8 |
---------------+-------------------------+-----
Conjurations   | 4 5 6 7 8 |  8.8
Spellcasting   | 2 3 |  3.4
Translocations | 2 3 4 |  4.0
Hexes          | 3 5 |  5.1
Dodging        | 2 |  2.5
Stealth        | 2 |  2.7
Fighting       | 1 |  1.5

Action                   |  1- 3 |  4- 6 |  7- 9 || total
-------------------------+-------+-------+-------++-------
Melee: Dagger            |    13 |     2 |    41 ||    56
       Headbutt          |       |       |     5 ||     5
 Cast: Magic Dart        |    90 |    92 |    99 ||   281
       Searing Ray       |     2 |     7 |     6 ||    15
       Iskenderun's Myst |       |       |    59 ||    59
       Fulminant Prism   |       |       |    17 ||    17
  Use: Scroll            |     1 |       |    10 ||    11
       Potion            |       |       |     3 ||     3
Armor: Robe              |    22 |     7 |     9 ||    38
Dodge: Dodged            |    50 |    16 |    90 ||   156
